cohdb
Replays
Latest Replays
All Replays
Popular Replays
Top Player Replays
Match Explorer
How It Works
Community
CoH3 Stats
Reddit
Sign in to upload your games and track your stats! →
Sign in with Steam
Match 46723555
Unlisted
Match 46723555
Overview
Messages
Build Orders
End
Panzergrenadier Squad
Selects Panzerjäger Kommand Battlegroup
Panzergrenadier Squad
Construct Light Support Kompanie
Panzerjäger Squad
MG34 Team
Selects Mine Fields
Selects Blockade Equipment
Selects Tank Busters
2.5-tonne Medical Truck
Panzerjäger Mechanized Group
saya
SpookyWoodenKlown
mobo
S.S.Auska
sewage bill
TeamSpeakUser
LITTLE TRICKSTER
jway22
0
0
Comments
sign in to comment!
No comments posted yet!